 Dungeon Crawl Stone Soup version 0.30-a0-632-g346586fe48 (webtiles) character file.

Game seed: 10938137859270538782

1421 wormed the Changer (level 8, -7/57 HPs)
             Began as an Octopode Transmuter on Jan 13, 2023.
             Was an Initiate of Gozag.
             Mangled by a deep troll (11 damage)
             ... on level 7 of the Dungeon.
             The game lasted 00:08:35 (6614 turns).

wormed the Changer (Octopode Transmuter)            Turns: 6614, Time: 00:08:36

Health: -7/57      AC:  9    Str:  9    XL:     8   Next: 72%
Magic:  13/17      EV: 10    Int: 17    God:    Gozag
Gold:   445        SH:  0    Dex: 13    Spells: 12/19 levels left

rFire   x . .      SeeInvis .      - Unarmed
rCold   + + +      Faith    .    (shield currently unavailable)
rNeg    . . .      Spirit   .    (helmet currently unavailable)
rPois   +          Reflect  .    (no amulet)
rElec   .          Harm     .    (no ring)
rCorr   .          Rampage  .    (no ring)
Will    .....      Rnd*Tele +    (no ring)
Stlth   +                        (no ring)
HPRegen 0.29/turn                (no ring)
MPRegen 0.15/turn                (no ring)
                                 (no ring)
                                 (no ring)

@: ice-form, wereblooded
A: freezing attack, boosted hp, almost no armour, amphibious, 8 rings, large,
(camouflage 1), (gelatinous body 1), (nimble swimmer 1), (tentacles),
teleportitis 1
a: End Transformation, Renounce Religion, Potion Petition, Call Merchant, Bribe
Branch


You were on level 7 of the Dungeon.
You worshipped Gozag.
Gozag was aware of your devotion.
You were a creature of crystalline ice.
You visited 2 branches of the dungeon, and saw 8 of its levels.

You collected 515 gold pieces.
You paid 70 gold pieces to Gozag.

Inventory:

Magical Staves
 a - a staff of cold (melded)
Wands
 f - a wand of polymorph (5) (quivered)
 j - a wand of iceblast (7)
Scrolls
 b - 3 scrolls of identify
 c - 3 scrolls of teleportation
 k - a scroll of fear
 l - a scroll of immolation {unknown}
 m - a scroll of enchant armour {unknown}
Potions
 d - a potion of haste {unknown}
 e - 2 potions of curing {unknown}
 g - a potion of magic {unknown}
 h - 3 potions of cancellation {unknown}
 i - a potion of berserk rage {unknown}


   Skills:
 - Level 1.0 Fighting
 - Level 2.0 Dodging
 - Level 3.0 Unarmed Combat
 + Level 6.1 Spellcasting
 + Level 6.7 Transmutations
 - Level 5.0 Ice Magic


You had 12 spell levels left.
You knew the following spells:

 Your Spells              Type           Power      Damage    Failure   Level
a - Beastly Appendage     Tmut           56%        N/A       1%          1
b - Wereblood             Tmut           28%        N/A       1%          2
c - Ice Form              Ice/Tmut       25%        N/A       12%         4

Your spell library contained the following spells:

 Spells                   Type           Power      Damage    Failure   Level
 Freeze                   Ice            88%        1d9       1%          1
 Frozen Ramparts          Ice            44%        1d7       4%          3
 Spider Form              Tmut/Pois      16%        N/A       10%         3
 Hailstorm                Conj/Ice       13%        3d5       14%         3
 Ignite Poison            Fire/Tmut/Pois 12%        N/A       16%         3
 Blink                    Tloc           10%        N/A       19%         2
 Momentum Strike          Conj/Tloc      10%        3d8       19%         2
 Kindle Blastsparks       Fire/Tloc/Air  10%        2d10      36%         3
 Lesser Beckoning         Tloc           10%        N/A       36%         3
 Freezing Cloud           Conj/Ice/Air   5%         6-21      87%         5


Dungeon Overview and Level Annotations

Branches:
Dungeon (7/15)             Temple (1/1) D:5

Altars:
Ashenzari
Elyvilon
Fedhas
Gozag
Kikubaaqudgha
Makhleb
Nemelex Xobeh
Qazlal
Ru
Sif Muna
Vehumet
Yredelemnul
The Shining One

Annotations:
D:2 1 runed translucent door, Crazy Yiuf


Innate Abilities, Weirdness & Mutations

You are a creature of crystalline ice.
You have a powerful freezing melee attack.
Your maximum health is increased.
Your armour is entirely melded.
You are incapable of wielding weapons or throwing items.
You cannot wear most types of armour.
You are amphibious.
You can wear up to eight rings at the same time.
((Your skin changes colour to match your surroundings (Stealth+).))
((Your rubbery body absorbs attacks. (AC +1, EV +1)))
((You are camouflaged when in or above water. (Stealth+)))
((You have tentacles for arms and can constrict up to eight enemies at once.))
You are occasionally teleported next to monsters.


Message History

Item here: the necklace of Bloodlust {Fury *Rage Will++ Int-3 Slay+6}.
The floor.
Aiming: Iceblast
Press: ? - help, Q - select action, (/) - cycle Shift-Dir - straight line, f - deep troll
Aim: a deep troll The mass of ice explodes!
The iceblast engulfs the deep troll!
The deep troll is moderately wounded.
You punch the deep troll! You freeze the deep troll.
The deep troll is moderately wounded.
The deep troll bites you!! The deep troll closely misses you.
The deep troll claws you but does no damage.
You hit the deep troll. You freeze the deep troll.
The deep troll is heavily wounded.
The deep troll closely misses you. The deep troll claws you!
The deep troll closely misses you.
You hit the deep troll. You freeze the deep troll.
The deep troll is severely wounded.
The deep troll completely misses you. The deep troll barely misses you.
The deep troll claws you but does no damage.
You hit the deep troll but do no damage.
The deep troll is heavily wounded.
You howl as the wereblood boils in your veins!
The deep troll bites you!
* * * LOW HITPOINT WARNING * * *
The deep troll claws you but does no damage. x2
Aiming: Polymorph
Press: ? - help, Q - select action, (/) - cycle Shift-Dir - straight line, f/p - deep troll
Aim: a deep troll (heavily wounded, will become a torpor snail, a faun, or a hog, chance to affect: 31%)
The deep troll easily resists.
The deep troll misses you.
The deep troll claws you but does no damage.
The deep troll claws you!
* * * LOW HITPOINT WARNING * * *
Aiming: Polymorph
Press: ? - help, Q - select action, (/) - cycle Shift-Dir - straight line, f/p - deep troll
Aim: a deep troll (heavily wounded, will become a torpor snail, a faun, or a hog, chance to affect: 31%)
The deep troll easily resists.
The deep troll bites you!
You die...
Your body crumbles into a pile of gold.

#.........#
##.........#
....[......#
#....)...#######
#####.#.....$..#
##.##.......#
##...##(()...#
##
##.....##<...$#
#.
#...Y...#######
#. #...T...# #.
#.......#
#########.
#.......#
#.........
#.......#
#.<.......
##.....##
#.........
##.".##
#......... #####
#######... ####


You could see a deep troll.

Vanquished Creatures
  3 ice beasts
  A sky beast (D:7)
  3 black bears
  An ogre (D:6)
  A phantom (Temple)
  A kobold brigand (D:6)
  A bullfrog (D:7)
  2 scorpions (D:5)
  2 orc priests (D:4)
  Jessica (D:3)
  3 iguanas
  Terence (D:3)
  6 adders
  A white imp (D:5)
  An ufetubus (D:4)
  A dart slug (D:4)
  13 orcs
  5 ball pythons
  6 endoplasms
  10 giant cockroaches
  4 goblins
  10 hobgoblins
  3 jackals (D:3)
  9 kobolds
  3 quokkas
  3 bats
  4 frilled lizards
  3 rats
102 creatures vanquished.

Vanquished Creatures (others)
  A sky beast (D:6)
1 creature vanquished.

Grand Total: 103 creatures vanquished

Notes
Turn   | Place    | Note
-------+----------+-------------------------------------------
     0 | D:1      | wormed the Octopode Transmuter began the quest for the Orb.
     0 | D:1      | Reached XP level 1. HP: 13/13 MP: 3/3
   129 | D:1      | Found a faded altar of an unknown god.
   279 | D:1      | Reached XP level 2. HP: 3/18 MP: 3/5
   279 | D:1      | HP: 1/27 [frozen (3)]
   288 | D:1      | Reached skill level 1 in Ice Magic
   405 | D:1      | Learned a level 2 spell: Wereblood
   742 | D:2      | Reached XP level 3. HP: 20/23 MP: 1/6
  1178 | D:2      | Found a runed translucent door.
  1179 | D:2      | Noticed Crazy Yiuf
  1418 | D:3      | You fall into a shaft and drop 1 floor!
  1427 | D:4      | Noticed a black bear
  1488 | D:4      | Reached XP level 4. HP: 24/28 MP: 4/8
  1750 | D:3      | Noticed Jessica
  1757 | D:3      | Killed Jessica
  1839 | D:3      | Noticed Terence
  1851 | D:3      | Killed Terence
  1852 | D:3      | Reached XP level 5. HP: 23/33 MP: 6/9
  2072 | D:3      | Found a basalt altar of Yredelemnul.
  2740 | D:3      | Learned a level 4 spell: Ice Form
  2808 | D:4      | Found the +18 Lear's hauberk
  3046 | D:4      | Killed a black bear
  3047 | D:4      | Reached XP level 6. HP: 26/38 MP: 7/11
  3875 | D:5      | Entered Level 5 of the Dungeon
  3937 | D:5      | Noticed a black bear
  3944 | D:5      | Killed a black bear
  4018 | D:5      | Found a blossoming altar of Fedhas.
  4057 | D:5      | Reached XP level 7. HP: 43/43 MP: 4/13
  4252 | D:5      | Gained mutation: You are occasionally teleported next to
                  | monsters. [mutagenic glow]
  4486 | D:5      | Found a staircase to the Ecumenical Temple.
  4499 | Temple   | Entered the Ecumenical Temple
  4548 | Temple   | Became a worshipper of Gozag Ym Sagoz the Greedy
  4673 | D:5      | Reached skill level 5 in Transmutations
  5282 | D:6      | Found a stormy altar of Qazlal.
  5282 | D:6      | Found a radiant altar of Vehumet.
  5312 | D:6      | Reached XP level 8. HP: 48/48 MP: 5/15
  5468 | D:6      | Found a sparkling altar of Nemelex Xobeh.
  5531 | D:6      | Reached skill level 5 in Spellcasting
  5531 | D:6      | Reached skill level 5 in Ice Magic
  6605 | D:7      | Noticed a deep troll
  6606 | D:7      | Found the necklace of Bloodlust {Fury *Rage Will++ Int-3
                  | Slay+6}
  6614 | D:7      | Mangled by a deep troll

Illustrated notes

Levels and vault maps discovered:
D:1:      roderic_crop_circles_arrival_small, layout_rooms,
          basic_ecumenical_altar, amcnicky_mini_pool_small, serial_bayou_pond_b,
          chequers_arboretum
D:2:      layout_rooms, chequers_serial_rivers_micro_d,
          hangedman_decor_opposing, minmay_split_cup_large,
          uniq_crazy_yiuf_cottage
D:3:      layout_loops_ring, mainiacjoe_overflow_concentric_impassable,
          portal_sewer_entry_f, uniq_terence, uniq_jessica
D:4:      layout_basic
D:5:      layout_gridville, fedhas_altar_4, minmay_temple_entry_statues_pillars
D:6:      layout_loops_ring, nicolae_overflow_two_pavilions,
          nemelex_spade_bored_becter, dreamdust_wishing_well
D:7:      layout_basic, enter_bailey_6,
          hellmonk_guarded_unrand_vitality_bloodlust
Temple:   eino_temple_scatter_basement

Skill      XL: |  1  2  3  4  5  6  7  8 |
---------------+-------------------------+-----
Ice Magic      | 1 2 3 4 5 |  5.0
Transmutations | 3 4 5 6 |  6.7
Spellcasting   | 3 4 6 |  6.1
Fighting       | |  1.0
Dodging        | |  2.0
Unarmed Combat | |  3.0

Action                   |  1- 3 |  4- 6 |  7- 9 || total
-------------------------+-------+-------+-------++-------
Melee: Unarmed           |    81 |    69 |   120 ||   270
       Constrict         |    27 |    24 |     2 ||    53
       Kick              |    21 |    25 |     4 ||    50
       Tentacles         |    10 |    21 |     1 ||    32
       Punch             |     2 |     5 |     2 ||     9
       Staff             |       |    32 |     9 ||    41
 Cast: Beastly Appendage |    18 |    17 |     1 ||    36
       Wereblood         |     5 |    17 |    10 ||    32
       Ice Form          |       |     2 |    14 ||    16
Evoke: Wand              |       |       |     3 ||     3
  Use: Potion            |     1 |     1 |     1 ||     3
       Scroll            |     6 |     4 |     1 ||    11
 Stab: Sleeping          |       |     2 |       ||     2
       Invisible         |       |     1 |       ||     1
Armor: Skin              |    10 |    18 |    68 ||    96
Dodge: Dodged            |    42 |    57 |    60 ||   159

Table legend: (Time is in decaauts)
 A = Elapsed time spent in this place.
 B = Non-inter-level travel time spent in this place.
 C = Inter-level travel time spent in this place.
 D = Time resting spent in this place.
 E = Time spent auto-exploring this place.
 F = Levels seen in this place.
 G = Mean time per level.
                   A        B        C        D        E       F      G
               +--------+--------+--------+--------+--------+-----+--------+
         Total |   6607 |   6175 |    432 |    126 |   5032 |   8 |  825.9 |
       Dungeon |   6540 |   6124 |    416 |    126 |   5006 |   7 |  934.3 |
        Temple |     66 |     50 |     16 |      0 |     26 |   1 |   66.0 |
               +--------+--------+--------+--------+--------+-----+--------+

Top non-repeatable levels by time:
     D:3: 1272 daAuts
     D:5: 1268 daAuts
     D:4: 1246 daAuts
     D:6: 1073 daAuts
     D:2: 825 daAuts
     D:1: 527 daAuts
     D:7: 326 daAuts
  Temple: 66 daAuts
